AoeStats
← Jazzmushroom

MegaRandom

506898843Analyzed
1v1 RM · 16d ago on Sep 15, 2026· 86m 15s· 2 players
Game mode
Random Map
Map size
Tiny (2 player)
Population
200
Speed
Normal
Resources
Standard
Victory
Conquest
Starting age
Dark Age
Ending age
Imperial Age
RankedLock teamsTeams togetherTeam positionsShared explorationLock speedFull tech treeHidden civsTurbo modeCheats
Victory
Defeat
🇺🇸 Georgians · United States
1414
+14
🇩🇪 Ethiopians · Germany
1360
-14
Jazzmushroom
7:14 Loom
10:22 Feudal Age
10:49 Fishing Lines
16:21 Castle Age
15:03 Town Watch
15:55 Wheelbarrow
15:54 Double-Bit Axe
22:14 Fletching
23:38 Gold Mining
33:36 Svan Towers
37:25 Guard Tower
42:46 Treadmill Crane
44:51 Ballistics
45:32 Bodkin Arrow
51:12 Hand Cart
52:45 Bloodlines
52:36 Husbandry
53:48 Bow Saw
54:21 Gillnets
54:50 Scale Barding Armor
57:39 Chain Barding Armor
57:33 Forging
58:42 Masonry
58:09 Light Cavalry
62:08 Imperial Age
63:15 Hussar
64:45 Keep
63:57 Arrowslits
65:13 Chemistry
64:19 Bracer
64:55 Plate Barding Armor
65:52 Elite Skirmisher
67:02 Padded Archer Armor
67:38 Iron Casting
70:40 Leather Archer Armor
70:35 Capped Ram
73:11 Siege Ram
74:54 Cavalier
76:41 Blast Furnace
Pinut
7:43 Loom
10:43 Feudal Age
11:23 Double-Bit Axe
15:26 Fletching
18:26 Wheelbarrow
21:23 Castle Age
20:33 Padded Archer Armor
21:28 Crossbowman
22:04 Bodkin Arrow
22:39 Leather Archer Armor
27:56 Ballistics
38:27 Imperial Age
52:53 Bow Saw
52:28 Arbalester
54:53 Chemistry
54:58 Thumb Ring
54:55 Bracer
56:23 Halberdier
57:04 Squires
57:36 Ring Archer Armor
57:06 Scale Mail Armor
57:17 Forging
59:37 Chain Mail Armor
61:01 Hand Cart
60:31 Town Watch
62:15 Town Patrol
71:36 Cavalier
72:17 Husbandry
73:10 Scale Barding Armor
73:41 Iron Casting
73:30 Conscription
74:13 Chain Barding Armor
77:13 Light Cavalry
80:17 Blast Furnace
83:44 Hussar
Connection lost

Rejoining the realm…

Still unreachable

The connection could not be restored.

Session expired

The server has moved on; the page needs a fresh start.